 Dungeon Crawl Stone Soup version 0.28-a0-823-gb444dcf96d (webtiles) character file.

Game seed: 11511448552376519760

907 mcbry74 the Ruffian (level 7, -1/71 HPs)
             Began as a Troll Berserker on Nov 9, 2021.
             Was an Elder of Trog.
             Engulfed by a steam dragon's steam (7 damage)
             ... on level 6 of the Dungeon.
             The game lasted 00:12:39 (3116 turns).

mcbry74 the Ruffian (Troll Berserker)               Turns: 3116, Time: 00:12:40

Health: -1/71      AC:  4    Str: 28    XL:     7   Next: 81%
Magic:  6/6        EV: 10    Int:  3    God:    Trog [****..]
Gold:   206        SH:  0    Dex:  9    Spells: 6/6 levels left

rFire   . . .      SeeInvis .     - Unarmed
rCold   . . .      Faith    .   (no shield)
rNeg    . . .      Spirit   .   a - +0 animal skin
rPois   .          Reflect  .   (helmet restricted)
rElec   .          Harm     .   (no cloak)
rCorr   .          Rampage  .   (gloves unavailable)
Will    ++...                   (boots unavailable)
Stlth   +.........              (no amulet)
HPRegen 2.21/turn               (no ring)
MPRegen 0.10/turn               (no ring)

@: strong-willed (expiring), regenerating (expiring)
A: large, unfitting armour, claws 3, regeneration 1, shaggy fur 1, tough skin 1
a: Renounce Religion, Berserk, Trog's Hand, Brothers in Arms


You were on level 6 of the Dungeon.
You worshipped Trog.
Trog was greatly pleased with you.
You visited 1 branch of the dungeon, and saw 6 of its levels.

You collected 206 gold pieces.

Inventory:

Hand Weapons
 k - a +2 quarterstaff of chaos
Missiles
 j - 89 stones
 n - 4 poisoned darts
 q - 8 large rocks
 t - 3 boomerangs (quivered)
Armour
 a - a +0 animal skin (worn)
 e - a +0 tower shield
 l - a +0 cloak
Jewellery
 u - a ring of see invisible
Scrolls
 b - 3 scrolls of fear {unknown}
 c - 2 scrolls of teleportation {unknown}
 d - 2 scrolls of amnesia {unknown}
 g - a scroll of blinking {unknown}
 i - a scroll of noise {unknown}
 m - a scroll of torment {unknown}
 o - 3 scrolls of identify {unknown}
 p - a scroll of enchant weapon {unknown}
 s - a scroll of immolation {unknown}
Potions
 f - a potion of heal wounds {unknown}
 h - a potion of curing {unknown}
 r - 2 potions of mutation {unknown}
 v - 2 potions of might {unknown}
 w - a potion of resistance {unknown}


   Skills:
 + Level 4.5 Fighting
 * Level 3.3 Throwing
 + Level 4.5 Dodging
 + Level 5.4 Unarmed Combat


You had 6 spell levels left.
You didn't know any spells.
Your spell library was empty.

Dungeon Overview and Level Annotations

Branches:
Dungeon (6/15)
 Temple: D:4-7

Altars:
Hepliaklqana
Wu Jian


Innate Abilities, Weirdness & Mutations

You are too large for most types of armour.
You have claws for hands.
Your natural rate of healing is unusually fast.
You are covered in fur. (AC +1)
You have tough skin. (AC +1)


Message History

You closely miss the iguana.
The iguana is almost dead.
The iguana bites you.
You mangle the iguana!!
You kill the iguana!
Trog accepts your kill.
You barely miss the steam dragon. The steam dragon bites you!
The steam dragon barely misses you.
You claw the steam dragon!
The steam dragon is heavily wounded.
The steam dragon breathes steam at you. The ball of steam hits you!
You scratch the steam dragon.
The steam dragon is heavily wounded.
You are engulfed in a cloud of scalding steam.
The steam dragon bites you!
* * * LOW HITPOINT WARNING * * *
The steam dragon barely misses you.
You completely miss the steam dragon.
The steam dragon is heavily wounded.
The steam dragon misses you.
The steam dragon claws you but does no damage.
You closely miss the steam dragon.
The steam dragon is heavily wounded.
The steam dragon closely misses you. x2
You scratch the steam dragon but do no damage.
The steam dragon is heavily wounded.
You feel the effects of Trog's Hand fading.
The steam dragon breathes steam at you. The ball of steam hits you!!
* * * LOW HITPOINT WARNING * * *
You scratch the steam dragon.
The steam dragon is severely wounded.
You are engulfed in a cloud of scalding steam.
* * * LOW HITPOINT WARNING * * *
The steam dragon barely misses you. x2
You scratch the steam dragon but do no damage.
The steam dragon is severely wounded.
You are engulfed in a cloud of scalding steam.
You die...

#.........#
+..$......+
......... .......
..... ... #'# #D#
#####@####
#...§§§..#
#.##§§§#.#
#######.#......#
.............#.##
#######.##..#...#
#.##..#..##
#........#
#####.####


You could see a steam dragon (catching breath).

Vanquished Creatures
  An ice beast (D:5)
  A black bear (D:5)
  An ogre (D:4)
  A scorpion (D:5)
  2 hounds
  2 gnoll shamans (D:5)
  Crazy Yiuf (D:3)
  A bullfrog skeleton (D:5)
  Terence (D:2)
  Jessica (D:2)
  Natasha (thrice) (D:2)
  An iguana (D:6)
  3 adders
  9 gnolls (D:5)
  A shadow imp (D:5)
  2 white imps (D:5)
  2 worms
  4 dart slugs
  8 orcs
  11 ball pythons
  8 endoplasms
  6 giant cockroaches
  18 goblins
  5 hobgoblins
  2 jackals (D:2)
  5 kobolds
  4 quokkas
  7 bats
  8 frilled lizards
  4 rats
123 creatures vanquished.

Notes
Turn   | Place    | Note
-------+----------+-------------------------------------------
     0 | D:1      | mcbry74 the Troll Berserker began the quest for the Orb.
     0 | D:1      | Reached XP level 1. HP: 22/22 MP: 0/0
    92 | D:1      | Reached XP level 2. HP: 29/29 MP: 1/1
   161 | D:1      | Reached ** piety under Trog
   189 | D:1      | Reached XP level 3. HP: 36/36 MP: 2/2
   658 | D:2      | Noticed Jessica
   658 | D:2      | Noticed Natasha
   666 | D:2      | Killed Natasha
   667 | D:2      | Reached XP level 4. HP: 45/45 MP: 3/3
   673 | D:2      | Killed Jessica
   740 | D:2      | Noticed Natasha
   745 | D:2      | Killed Natasha
   746 | D:2      | Reached skill level 4 in Unarmed Combat
   748 | D:2      | Reached XP level 5. HP: 44/53 MP: 4/4
   797 | D:2      | Noticed Natasha
   798 | D:2      | Noticed Terence
   804 | D:2      | Killed Terence
   809 | D:2      | Killed Natasha
  1114 | D:3      | Reached *** piety under Trog
  1381 | D:3      | Found a faded altar of an unknown god.
  1381 | D:3      | Found a hazy altar of Hepliaklqana.
  1383 | D:3      | Found a faded altar of an unknown god.
  1458 | D:3      | Found a runed translucent door.
  1459 | D:3      | Noticed Crazy Yiuf
  1466 | D:3      | Killed Crazy Yiuf
  1800 | D:4      | Reached XP level 6. HP: 46/62 MP: 5/5
  2121 | D:4      | Reached skill level 1 in Throwing
  2361 | D:5      | Entered Level 5 of the Dungeon
  2399 | D:5      | Reached skill level 5 in Unarmed Combat
  2399 | D:5      | Reached XP level 7. HP: 55/70 MP: 6/6
  2483 | D:5      | Reached **** piety under Trog
  2489 | D:5      | Found an ornate altar of the Wu Jian Council.
  3101 | D:6      | Noticed a steam dragon
  3116 | D:6      | Engulfed by a steam dragon's steam

Illustrated notes

Levels and vault maps discovered:
D:1:      wander_arrival_desolate, layout_loops_ring, minmay_crystal_water,
          hangedman_abyss_or_decor_lesser_grid
D:2:      layout_rooms, uniq_terence, uniq_jessica, uniq_natasha
D:3:      layout_rooms, nicolae_hepliaklqana_ecumenical_no_more,
          uniq_crazy_yiuf_cottage
D:4:      layout_cave_pools, minmay_misc_feat_roman, minmay_ogre_servants
D:5:      layout_basic, nicolae_wu_jian_wuxing_cycle
D:6:      minmay_general_purpose_star, layout_loops_corners, temple_doors_e,
          serial_shops, shop

Skill      XL: |  1  2  3  4  5  6  7 |
---------------+----------------------+-----
Dodging        | 3 4 |  4.5
Fighting       | 3 4 |  4.5
Unarmed Combat | 4 5 |  5.4
Throwing       | 2 3 |  3.3

Action                   |  1- 3 |  4- 6 |  7- 9 || total
-------------------------+-------+-------+-------++-------
Melee: Unarmed           |    86 |   180 |    64 ||   330
       Punch             |     2 |     4 |     1 ||     7
Throw: Stone             |       |    11 |     4 ||    15
       Boomerang         |       |       |    10 ||    10
Invok: Berserk           |     1 |     3 |       ||     4
       Trog's Hand       |     1 |     1 |     1 ||     3
Armor: Animal skin       |    40 |    52 |     8 ||   100
Dodge: Dodged            |    42 |    92 |    39 ||   173

Table legend: (Time is in decaauts)
 A = Elapsed time spent in this place.
 B = Non-inter-level travel time spent in this place.
 C = Inter-level travel time spent in this place.
 D = Time resting spent in this place.
 E = Time spent auto-exploring this place.
 F = Levels seen in this place.
 G = Mean time per level.
                   A        B        C        D        E       F      G
               +--------+--------+--------+--------+--------+-----+--------+
         Total |   3140 |   3048 |     92 |    259 |   2032 |   6 |  523.3 |
       Dungeon |   3140 |   3048 |     92 |    259 |   2032 |   6 |  523.3 |
               +--------+--------+--------+--------+--------+-----+--------+

Top non-repeatable levels by time:
     D:5: 691 daAuts
     D:1: 658 daAuts
     D:4: 653 daAuts
     D:3: 642 daAuts
     D:2: 437 daAuts
     D:6: 56 daAuts
